 Dungeon Crawl Stone Soup version 0.28-a0-899-gf2b78a14d2 (webtiles) character file.

Game seed: 16028345562368029253

2157 AvatarAndi78 the Cudgeller (level 9, 0/78 HPs)
             Began as a Yellow Draconian Berserker on Nov 23, 2021.
             Was a Priest of Trog.
             Succumbed to Duvessa's poison
             ... on level 5 of the Dungeon.
             The game lasted 00:11:02 (6242 turns).

AvatarAndi78 the Cudgeller (DrBe)                   Turns: 6242, Time: 00:11:03

Health: 0/78       AC:  7    Str: 29    XL:     9   Next: 10%
Magic:  9/9        EV: 14    Int:  8    God:    Trog [***...]
Gold:   364        SH:  0    Dex: 12    Spells: 8/8 levels left

rFire   . . .      SeeInvis .   j - +2 flail (drain)
rCold   . . .      Faith    .   (no shield)
rNeg    . . .      Spirit   .   (armour unavailable)
rPois   .          Reflect  .   (helmet restricted)
rElec   .          Harm     .   (no cloak)
rCorr   +          Rampage  .   (no gloves)
Will    ++...                   (no boots)
Stlth   ++........              (no amulet)
HPRegen 1.23/turn               e - +6 ring of strength
MPRegen 0.11/turn               (no ring)

@: lethally poisoned (0 -> -4), strong-willed, on berserk cooldown,
regenerating, slowed, very slow
A: spit acid, AC +7, unfitting armour, cold-blooded, acid resistance, antennae
1, stinger 1, strong 1, subdued magic 1
a: Breathe Acid, Renounce Religion, Berserk, Trog's Hand


You were on level 5 of the Dungeon.
You worshipped Trog.
Trog was most pleased with you.
You visited 1 branch of the dungeon, and saw 5 of its levels.

You collected 364 gold pieces.

Inventory:

Hand Weapons
 j - a +2 flail of draining (weapon)
Missiles
 n - a throwing net (quivered)
Jewellery
 e - a +6 ring of strength (left hand)
Wands
 f - a wand of flame (17)
 g - a wand of acid (3)
Scrolls
 a - 2 scrolls of identify
 c - 2 scrolls of teleportation
 i - a scroll of brand weapon
 m - 2 scrolls of magic mapping
 o - a scroll of holy word {unknown}
Potions
 b - 2 potions of magic
 d - 2 potions of brilliance
 h - a potion of invisibility {unknown}
 k - a potion of berserk rage {unknown}
 l - a potion of might
 p - a potion of curing {unknown}
 q - a potion of flight


   Skills:
 + Level 6.5 Fighting
 + Level 4.1(6.5) Axes
 + Level 7.9(8.4) Maces & Flails
 + Level 5.7 Dodging
 + Level 3.6 Stealth


You had 8 spell levels left.
You didn't know any spells.
Your spell library was empty.

Dungeon Overview and Level Annotations

Branches:
Dungeon (5/15)
 Temple: D:4-7

Altars:
Nemelex Xobeh

Shops:
D:5 *

Annotations:
D:4 4 runed translucent doors, Crazy Yiuf; Stonecrops's ghost, amateur GrBe


Innate Abilities, Weirdness & Mutations

You can spit globs of acid.
Your golden yellow scales are hard. (AC +7)
You cannot fit into any form of body armour.
You are cold-blooded and may be slowed by cold attacks.
You are resistant to acid. (rCorr)
You have a pair of small antennae on your head.
Your tail ends in a venomous barb.
Your muscles are strong. (Str +2)
Your spells are a little easier to cast, but a little less powerful.


Message History

You are too injured to fight recklessly!
Unknown command.
You are too injured to fight recklessly!
A red film seems to cover your vision as you go berserk!
You feel yourself moving faster!
You feel mighty!
You feel very sick.
Duvessa hits you with a +0 rapier of venom!
* * * LOW HITPOINT WARNING * * *
You are lethally poisoned!
You sock Duvessa! You drain Duvessa.
Duvessa is severely wounded.
* * * LOW HITPOINT WARNING * * *
You feel very sick. Duvessa misses you.
You sock Duvessa!
You kill Duvessa!
Trog accepts your kill.
* * * LOW HITPOINT WARNING * * *
You feel very sick.
You are too berserk!
* * * LOW HITPOINT WARNING * * *
You feel very sick.
Things that are here:
a +0 rapier of venom; a +0 leather armour; the elf corpse of Duvessa
Found a stone staircase leading down.
You feel a strong urge to attack something.
* * * LOW HITPOINT WARNING * * *
You feel very sick.
* * * LOW HITPOINT WARNING * * *
You feel very sick.
Items here: ! ) [ †.
You feel your anger nearly subside.
You are no longer berserk.
You are exhausted.
You feel yourself slow down.
* * * LOW HITPOINT WARNING * * *
You feel very sick.
Okay, then.
Your skin crawls.
You feel strong-willed.
You die...

#......###.##
#.####.######.#####
######.###.####.# #.#
#...... #..........#
#.# #......
######.##### #.#
#...... #.# #.#
##..... ###########.#
#.# #.....
..........#.###### #.#
###.##
#########........###.#
##.#
###########.####@#...#
#..# ............#
#))# #.##
##.########## #.## #.#
#..# ##.# #.# ##..##
#># #.### ♣....♣♣ .#
#.... .....)♣♣# .
#.### .⌠.)).§§# .#
########## ......♣♣# #
##........#


There were no monsters in sight!

Vanquished Creatures
  Eustachio (D:4)
  An acid dragon (D:5)
  An orc warrior (D:5)
  Duvessa (D:5)
  A black bear (D:4)
  2 sky beasts (D:5)
  3 ogres
  A centaur (D:5)
  A phantom (D:5)
  2 scorpions
  A water moccasin skeleton (D:5)
  Dowan (D:5)
  3 killer bees (D:5)
  A bullfrog zombie (D:5)
  3 centaur zombies
  4 hounds
  A jelly (D:4)
  5 iguanas
  5 orc wizards
  3 gnolls (D:5)
  4 adders
  A shadow imp (D:5)
  2 ufetubi (D:5)
  2 adder skeletons (D:4)
  3 worms
  20 orcs
  7 bats
  6 endoplasms
  3 giant cockroaches
  12 goblins
  6 hobgoblins
  7 kobolds
  7 ball pythons
  A frilled lizard (D:1)
  3 rats
125 creatures vanquished.

Notes
Turn   | Place    | Note
-------+----------+-------------------------------------------
     0 | D:1      | AvatarAndi78 the Draconian Berserker began the quest for
                  | the Orb.
     0 | D:1      | Reached XP level 1. HP: 19/19 MP: 1/1
   150 | D:1      | Found a faded altar of an unknown god.
   323 | D:1      | Reached XP level 2. HP: 26/26 MP: 2/2
  1198 | D:2      | Reached XP level 3. HP: 22/33 MP: 3/3
  1202 | D:2      | Reached ** piety under Trog
  1856 | D:3      | Reached XP level 4. HP: 32/40 MP: 4/4
  2518 | D:3      | Reached skill level 1 in Maces & Flails
  2525 | D:3      | Reached XP level 5. HP: 23/46 MP: 5/5
  3041 | D:4      | Noticed Eustachio
  3052 | D:4      | Noticed an ogre
  3055 | D:4      | Killed an ogre
  3056 | D:4      | Reached skill level 2 in Maces & Flails
  3056 | D:4      | Reached skill level 1 in Stealth
  3056 | D:4      | Reached XP level 6. HP: 17/53 MP: 6/6
  3492 | D:4      | Reached skill level 3 in Maces & Flails
  3513 | D:4      | Gained mutation: You have hidden genetic potential. [potion
                  | of mutation]
  3513 | D:4      | Gained mutation: Your tail ends in a venomous barb. [potion
                  | of mutation]
  3513 | D:4      | Gained mutation: Your spells are a little easier to cast,
                  | but a little less powerful. [potion of mutation]
  3891 | D:4      | Found a sparkling altar of Nemelex Xobeh.
  4028 | D:4      | Found a runed translucent gate.
  4029 | D:4      | Found a runed translucent gate.
  4030 | D:4      | Found a runed translucent gate.
  4030 | D:4      | Noticed Stonecrops's ghost (amateur GrBe)
  4159 | D:4      | Your scales start taking on a golden yellow colour.
  4159 | D:4      | Reached XP level 7. HP: 54/60 MP: 7/7
  4159 | D:4      | Gained mutation: You are resistant to acid. (rCorr) [Yellow
                  | Draconian growth]
  4325 | D:4      | Killed Eustachio
  4326 | D:4      | Reached skill level 5 in Fighting
  4326 | D:4      | Reached skill level 4 in Maces & Flails
  4329 | D:4      | Gained mutation: Your muscles are strong. (Str +2) [hidden
                  | potential]
  4484 | D:4      | Found a runed translucent door.
  4485 | D:4      | Noticed Crazy Yiuf
  4652 | D:5      | Entered Level 5 of the Dungeon
  4686 | D:5      | Reached skill level 5 in Maces & Flails
  4791 | D:5      | Reached XP level 8. HP: 43/69 MP: 8/8
  5037 | D:5      | Reached skill level 6 in Maces & Flails
  5037 | D:5      | Reached skill level 5 in Dodging
  5037 | D:5      | Gained mutation: You have a pair of small antennae on your
                  | head. [hidden potential]
  5037 | D:5      | Lost mutation: You have hidden genetic potential. [hidden
                  | potential expressed]
  5111 | D:5      | Reached *** piety under Trog
  5115 | D:5      | Identified the +12 whip of the Allies {pain, Int+3}
  5226 | D:5      | Reached skill level 7 in Maces & Flails
  5719 | D:5      | Found Raakliz's Fire Supplies.
  5969 | D:5      | Reached XP level 9. HP: 71/78 MP: 9/9
  6227 | D:5      | Noticed Dowan
  6230 | D:5      | Noticed Duvessa
  6233 | D:5      | Killed Dowan
  6237 | D:5      | Killed Duvessa
  6241 | D:5      | HP: 2/78 [poisoned by Duvessa]
  6242 | D:5      | Succumbed to Duvessa's poison

Illustrated notes

Levels and vault maps discovered:
D:1:      minmay_arrival_three_doors, layout_basic, basic_ecumenical_altar,
          kennysheep_another_room
D:2:      layout_rooms
D:3:      layout_basic, hangedman_abyss_or_decor_lesser_grid,
          hangedman_decor_push, kennysheep_generic_room_16
D:4:      layout_rooms, nemelex_xobeh_ov_fountains_minmay,
          gammafunk_ghost_nasty_kobolds, chequers_serial_rivers_micro_b,
          hangedman_decor_peaks_small, uniq_crazy_yiuf_cottage, uniq_eustachio
D:5:      layout_loops_ring, nicolae_shop_fire_sale [nicolae_sub_dead_trees],
          nzn_random_ring, uniq_duvessa

Skill      XL: |  1  2  3  4  5  6  7  8 |
---------------+-------------------------+-----
Dodging        | 3 4 5 |  5.7
Fighting       | 4 5 6 |  6.5
Axes           | 4 |  4.1
Maces & Flails | 1 2 3 5 7 |  7.9
Stealth        | 1 2 3 |  3.6

Action                   |  1- 3 |  4- 6 |  7- 9 || total
-------------------------+-------+-------+-------++-------
Melee: Hand axe          |    75 |       |       ||    75
       Tailslap          |    15 |    18 |    20 ||    53
       Whip              |    13 |       |       ||    13
       Flail             |    11 |   151 |   135 ||   297
Invok: Berserk           |       |     3 |     2 ||     5
       Trog's Hand       |       |     3 |     2 ||     5
  Use: Scroll            |       |    13 |       ||    13
       Potion            |       |     2 |       ||     2
 Stab: Sleeping          |       |     3 |     6 ||     9
Armor: Skin              |    40 |    93 |    33 ||   166
Dodge: Dodged            |    61 |   127 |    81 ||   269

Table legend: (Time is in decaauts)
 A = Elapsed time spent in this place.
 B = Non-inter-level travel time spent in this place.
 C = Inter-level travel time spent in this place.
 D = Time resting spent in this place.
 E = Time spent auto-exploring this place.
 F = Levels seen in this place.
 G = Mean time per level.
                   A        B        C        D        E       F      G
               +--------+--------+--------+--------+--------+-----+--------+
         Total |   6334 |   6237 |     97 |      0 |   5256 |   5 | 1266.8 |
       Dungeon |   6334 |   6237 |     97 |      0 |   5256 |   5 | 1266.8 |
               +--------+--------+--------+--------+--------+-----+--------+

Top non-repeatable levels by time:
     D:3: 1971 daAuts
     D:5: 1595 daAuts
     D:4: 1079 daAuts
     D:1: 1061 daAuts
     D:2: 627 daAuts
